 Dungeon Crawl Stone Soup version 0.20-a0-738-gb057e68 (webtiles) character file.

211 Colliwobble the Skirmisher (level 5, -4/46 HPs)
             Began as a Demonspawn Gladiator on Feb 23, 2017.
             Killed from afar by an orc wizard (8 damage)
             ... with a puff of flame
             ... on level 3 of the Dungeon.
             The game lasted 00:06:43 (2043 turns).

Colliwobble the Skirmisher (Demonspawn Gladiator)   Turns: 2043, Time: 00:06:44

Health: -4/46      AC:  9    Str: 15    XL:     5   Next: 57%
Magic:  5/5        EV: 10    Int: 15    God:
Gold:   130        SH:  0    Dex: 14    Spells: 4/4 levels left

rFire    . . .     SeeInvis .   a - +0 long sword
rCold    + . .     Gourm    .   i - +0 chain mail
rNeg     . . .     Faith    .   (no shield)
rPois    .         Spirit   .   c - +0 helmet
rElec    .         Reflect  .   (no cloak)
rCorr    .         Harm     .   (no gloves)
MR       .....                  (no boots)
Stlth    ..........             (no amulet)
Regen    0.2/turn               (no ring)
MPRegen  0.1/turn               b - ring of protection from cold

@: brilliant, flying
A: hooves 1, repulsion field 2
a: no special abilities


You were on level 3 of the Dungeon.
You were not hungry.

You visited 1 branch of the dungeon, and saw 3 of its levels.

You collected 130 gold pieces.

Inventory:

Hand Weapons
 a - a +0 long sword (weapon)
Missiles
 g - 23 stones
 q - a throwing net (quivered)
Armour
 c - a +0 helmet (worn)
 i - a +0 chain mail (worn)
Magical Staves
 p - an uncursed staff of energy {unknown}
Jewellery
 b - a ring of protection from cold (left hand)
Wands
 o - a wand of random effects (31/48)
Scrolls
 e - 3 scrolls of remove curse {unknown}
 h - a scroll of fog {unknown}
 j - a scroll of identify {unknown}
 m - 2 scrolls of recharging {unknown}
 n - a scroll of fear {unknown}
Comestibles
 f - a bread ration
 l - a meat ration
 r - 3 fruits
 s - a chunk of flesh


   Skills:
 + Level 5.9 Fighting
 - Level 2.6 Long Blades
 - Level 1.7 Throwing
 - Level 2.6 Dodging


You had 4 spell levels left.
You didn't know any spells.

Dungeon Overview and Level Annotations

Branches:
Dungeon (3/15)

Altars:
Okawaru
Sif Muna
Trog

Annotations:
D:3 Buane's ghost, amateur TrMo


Innate Abilities, Weirdness & Mutations

You have large cloven feet.
You are surrounded by a moderate repulsion field. (EV +3)


Message History

Your kick misses something. Something hits you but does no damage.
Your chain mail prevents you from hitting something.
You kick something.
You hear some strange, mumbled words.
A magic dart appears from out of thin air!
The magic dart hits you!
* * * LOW HITPOINT WARNING * * *
You hear some strange, mumbled words.
A magic dart appears from out of thin air!
The magic dart hits you!
You hit something. Something hits you but does no damage.
You barely miss something. You kick something.
Something hits you but does no damage.
You barely miss something. You kick something.
Something hits you but does no damage.
Your chain mail prevents you from hitting something.
You hear some strange, mumbled words.
A puff of flame appears from out of thin air!
The puff of flame hits you!
You die...

#.# ## # #.. .### #.
#.. ?.. ..##.###.. #
......##### #.
#......... #..
#..#?#######
.##...#..[.$......
.......@.)..#########
###$#...{...........#
#.......#..#<#...#
###.##.##..#'#...#
................#
###.#.###........##
.... #...........
##..#.#...........
#......>.........


There were no monsters in sight!

Vanquished Creatures
  An orc wizard (D:2)
  Natasha (thrice) (D:2)
  4 adders
  3 worms
  A dart slug (D:2)
  3 leopard geckos
  3 orcs (D:3)
  A giant cockroach (D:2)
  6 goblins
  7 hobgoblins
  4 jackals (D:2)
  7 kobolds
  A ball python (D:2)
  5 bats
  5 frilled lizards
  8 rats
62 creatures vanquished.

Notes
Turn   | Place    | Note
-------+----------+-------------------------------------------
     0 | D:1      | Colliwobble the Demonspawn Gladiator began the quest for the Orb.
     0 | D:1      | Reached XP level 1. HP: 16/16 MP: 1/1
   179 | D:1      | Gained mutation: You are surrounded by a mild repulsion field. (EV +2) [demonic ancestry]
   179 | D:1      | Reached XP level 2. HP: 23/23 MP: 2/2
   285 | D:1      | Reached skill level 3 in Fighting
   924 | D:2      | Gained mutation: You have large cloven feet. [demonic ancestry]
   924 | D:2      | Reached XP level 3. HP: 29/29 MP: 3/3
   970 | D:2      | Found a deep blue altar of Sif Muna.
  1257 | D:2      | Reached skill level 4 in Fighting
  1351 | D:2      | Reached XP level 4. HP: 37/37 MP: 4/4
  1368 | D:2      | Noticed Natasha
  1390 | D:2      | Killed Natasha
  1558 | D:2      | Found a bloodstained altar of Trog.
  1559 | D:2      | Found an iron altar of Okawaru.
  1659 | D:2      | Noticed Natasha
  1675 | D:2      | Killed Natasha
  1675 | D:2      | Reached skill level 5 in Fighting
  1738 | D:2      | Noticed Natasha
  1748 | D:2      | Killed Natasha
  1748 | D:2      | Gained mutation: You are surrounded by a moderate repulsion field. (EV +3) [demonic ancestry]
  1748 | D:2      | Reached XP level 5. HP: 21/44 MP: 5/5
  1876 | D:3      | Noticed Buane's ghost (amateur TrMo)
  2043 | D:3      | Killed from afar by an orc wizard

Vault maps used:
D:1:      mrwooster_arrival_statue_2
D:2:      nicolae_overflow_hidden_temple, lemuel_blue_sif_altar, uniq_natasha
D:3:      zin_treasury, old_standard_altar, first_bread

Skill      XL: |  1  2  3  4 |
---------------+-------------+-----
Fighting       | 3 4 5 |  5.9
Long Blades    | |  2.6
Throwing       | |  1.7
Dodging        | |  2.6

Action                   |  1- 3 |  4- 6 || total
-------------------------+-------+-------++-------
Melee: Long sword        |   120 |   102 ||   222
       Kick              |     5 |    31 ||    36
Throw: Throwing net      |     1 |     3 ||     4
Evoke: Wand              |       |     4 ||     4
  Use: Potion            |       |     2 ||     2
 Stab: Held in net/web   |       |     5 ||     5
  Eat: Chunk             |     2 |     2 ||     4
Armor: Leather armour    |    11 |       ||    11
       Chain mail        |    51 |    58 ||   109
Dodge: Dodged            |    76 |    60 ||   136
       Rpst.: Long sword |    29 |    22 ||    51
